[Event "Open Nuevo Centro. Jornada 2"]
[Site "Chess.com"]
[Date "2020.06.26"]
[Round "4"]
[White "Marín Corresa, Arturo"]
[Black "Donate Moreno, Silvia"]
[Result "1-0"]
[WhiteElo "2208"]
[BlackElo "1780"]
[TimeControl "180+2"]
[EndTime "11:07:34 PDT"]
[Termination "Victoria de Estivella por abandono"]

1. e4 c5 2. Nf3 d6 3. c3 Nf6 4.
Be2 Nxe4 5. Qa4+ Nc6 6. Qxe4 d5 7. Qh4 d4 8. Bb5 Qd5 9. O-O e6 10. c4 Qd6 11. d3 Be7 12. Bf4 Qd8 13. Qg3 Bd7 14. Nbd2 f6 15. Qxg7 1

[Event "Open Nuevo Centro. Jornada 2"]
[Site "Chess.com"]
[Date "2020.06.26"]
[Round "4"]
[White "Beneyto de Ramon, Guillermo"]
[Black "Gracia Calvo, Andrés"]
[Result "0-1"]
[WhiteElo "1515"]
[BlackElo "1817"]
[TimeControl "180+2"]
[EndTime "11:07:36 PDT"]
[Termination "Victoria de andresjaque21 por abandono"]

1. c4 c6 2. Nc3 d5 3. cxd5 cxd5 4.
d4 Nc6 5. g3 Bf5 6. Nf3 e6 7.
Bf4 Bd6 8. Bxd6 Qxd6 9. Nb5 Qb4+ 10. Nc3 Nf6 11. Bg2 Qxb2 12. Rb1 Qxc3+ 13. Qd2 Qxd2+ 14.
Nxd2 Bxb1 15. Nxb1 Kd7 16. e3 a6 17. Nc3 b5 18. O-O Rhc8 19. a4 b4 20. Na2 b3 21.
Nc1 b2 22. Nd3 Rab8 23. Rb1 Nb4 24. Bf1 Nxd3 25. Bxd3 Rc1+ 26. Kg2 Rxb1 27. Bxb1 Ne4 28. Bd3 0

[Event "Open Nuevo Centro. Jornada 2"]
[Site "Chess.com"]
[Date "2020.06.26"]
[Round "4"]
[White "Rausell Taberner, Diego"]
[Black "Rabbani Perez, Oumaima "]
[Result "1-0"]
[WhiteElo "511"]
[BlackElo "691"]
[TimeControl "180+2"]
[EndTime "11:07:56 PDT"]
[Termination "Victoria de DieguinRau por jaque mate"]

1. e4 d5 2. exd5 e6 3. dxe6 Bxe6 4. Nc3 Bc5 5. Bb5+ Kf8 6. Nf3 Qd4 7.
Nxd4 Bxd4 8. d3 Nd7 9. b3 Ne5 10. Ba3+ Bc5 11. Bxc5+ Ne7 12. Nd5 Bxd5 13. Qe2 Bxg2 14.
Qxe5 Bxh1 15. Bxe7+ Kg8 16. Qg5 a6 17. Bf6 Kf8 18. Qxg7# 1

[Event "Open Nuevo Centro. Jornada 2"]
[Site "Chess.com"]
[Date "2020.06.26"]
[Round "4"]
[White "Montesinos Diaz, Luis"]
[Black "Aguado, Pablo Luis"]
[Result "1/2-1/2"]
[WhiteElo "1846"]
[BlackElo "1697"]
[TimeControl "180+2"]
[EndTime "11:08:20 PDT"]
[Termination "Partida en tablas por mutuo acuerdo"]

1. d4 d5 2. Nf3 Nf6 3. e3 e6 4. Bd3 Be7 5. Nbd2 O-O 6. b3 Nbd7 7. Bb2 b6 8. O-O Bb7 9. c4 c5 10. Rc1 Rc8 11. Ne5 Nxe5 12. dxe5 Ne4 13. Nxe4 dxe4 14.
Bc2 Qxd1 15. Rcxd1 Rfd8 16. Rfe1 f6 17. exf6 gxf6 18.
Kf1 Kf7 19. Ke2 e5 20. f3 exf3+ 21. gxf3 h6 22. Bf5 Rxd1 23. Rxd1 Rd8 24. Rxd8 Bxd8 25. e4 Bc6 26. Bc1 h5 27. h4 Ke7 28. Bg6 Be8 29.
Bf5 Bd7 1/2-1

[Event "Open Nuevo Centro. Jornada 2"]
[Site "Chess.com"]
[Date "2020.06.26"]
[Round "4"]
[White "Donate Peris, Jose Manuel"]
[Black "Zakharash, Georgii"]
[Result "1-0"]
[WhiteElo "1600"]
[BlackElo "1058"]
[TimeControl "180+2"]
[EndTime "11:09:15 PDT"]
[Termination "Victoria de cheryme por tiempo"]

1. d4 d5 2. c4 dxc4 3. e3 b5 4. a4 c6 5. axb5 cxb5 6. Qf3 Bf5 7.
Qxa8 Nc6 8. Qxd8+ Kxd8 9. Nc3 b4 10. Nd5 a5 11. Bxc4 Be4 12. Nf3 1

[Event "Open Nuevo Centro. Jornada 2"]
[Site "Chess.com"]
[Date "2020.06.26"]
[Round "4"]
[White "Martínez Cuenca, Adrián "]
[Black "Ainsa Jimenez, Lucas"]
[Result "0-1"]
[WhiteElo "572"]
[BlackElo "869"]
[TimeControl "180+2"]
[EndTime "11:09:17 PDT"]
[Termination "Victoria de ainsaluck por jaque mate"]

1. e4 e5 2. Nf3 Nc6 3. d3 Nf6 4. g3 d6 5. Bg2 Bg4 6. O-O Be7 7.
Ng5 Bxd1 8. Rxd1 Ng4 9. h3 Bxg5 10. hxg4 Bxc1 11. Rxc1 O-O 12. c3 Ne7 13. d4 exd4 14.
cxd4 Nc6 15. d5 Nd4 16. Nc3 Qg5 17. f4 Qxg4 18. Nb5 Ne2+ 19. Kf1 Nxc1 20. Rxc1 Qxg3 21. Nxc7 Qxf4+ 22. Ke2 Qxc1 23. Kd3 Qxc7 24. Kd2 Qa5+ 25. Kc2 Qxa2 26. Kc3 Rac8+ 27. Kb4 Qc4+ 28. Ka3 Rc5 29. Bf3 Ra5# 0

[Event "Open Nuevo Centro. Jornada 2"]
[Site "Chess.com"]
[Date "2020.06.26"]
[Round "4"]
[White "Hernández Tomás, Efrén"]
[Black "Cebolla Ruiz, David"]
[Result "0-1"]
[WhiteElo "1039"]
[BlackElo "1572"]
[TimeControl "180+2"]
[EndTime "11:10:05 PDT"]
[Termination "Victoria de Dabelcebolla por abandono"]

1. e4 c6 2. Nf3 d5 3. Nc3 Nf6 4. e5 Ne4 5. Nxe4 dxe4 6. Ng5 Bf5 7. Qe2 Nd7 8. Nxe4 Nxe5 9. f4 Ng6 10. d3 e6 11. Ng3 Be7 12. Nxf5 exf5 13. Bd2 O-O 14. O-O-O Bd6 15. g3 Re8 16. Qh5 Qd7 17. Bh3 Ne7 18.
Rhe1 a5 19. Re2 a4 20. Rde1 b5 21. a3 c5 22. b4 cxb4 23. Bxb4 Bxb4 24. axb4 a3 25.
Rxe7 Rxe7 26. Bxf5 Rxe1+ 27. Kd2 Qe7 28. Qh6 gxh6 29. Bxh7+ 0

[Event "Open Nuevo Centro. Jornada 2"]
[Site "Chess.com"]
[Date "2020.06.26"]
[Round "4"]
[White "Morata Briones, Carlos"]
[Black "Tormos Beltran, Maite"]
[Result "0-1"]
[WhiteElo "850"]
[BlackElo "1462"]
[TimeControl "180+2"]
[EndTime "11:10:09 PDT"]
[Termination "Victoria de TORBEL79 por jaque mate"]

1. e4 d5 2. e5 c5 3. d4 Nc6 4.
dxc5 e6 5. Nc3 Bxc5 6. Be3 Bxe3 7. fxe3 Nge7 8. e4 O-O 9. exd5 Nxd5 10. Nxd5 exd5 11.
Bd3 Re8 12. Kf1 Rxe5 13. Nh3 Qf6+ 14. Kg1 Bxh3 15. gxh3 Rg5+ 16. Qg4 Rxg4+ 17. hxg4 Nd4 18. Re1 Nf3+ 19. Kg2 Nxe1+ 20. Rxe1 b6 21. h4 g6 22. Kg3 Qd8 23. h5 Rc8 24. hxg6 hxg6 25. g5 d4 26. Kg4 Qd6 27. c3 dxc3 28. Bc2 Qd4+ 29. Kg3 Rd8 30. bxc3 Qxc3+ 31. Kf2 Qxc2+ 32. Re2 Rd2 33. Rxd2 Qxd2+ 34. Kf3 Qc3+ 35. Ke2 Kg7 36. Kf2 f6 37. gxf6+ Kxf6 38. Ke2 Ke5 39. Kf2 Ke4 40. Kg2 Qf3+ 41. Kg1 Kf4 42.
Kh2 Qg4 43. Kh1 Kf3 44. Kh2 Kf2 45. Kh1 Qh4# 0

[Event "Open Nuevo Centro. Jornada 2"]
[Site "Chess.com"]
[Date "2020.06.26"]
[Round "4"]
[White "Conejero Martínez, Víctor"]
[Black "Chernikov, Vladimir"]
[Result "0-1"]
[WhiteElo "1195"]
[BlackElo "2274"]
[TimeControl "180+2"]
[EndTime "11:10:12 PDT"]
[Termination "Victoria de isla88 por abandono"]

1. d4 Nf6 2. c4 e5 3. dxe5 Ng4 4.
Nf3 Bc5 5. e3 Nc6 6. Nc3 O-O 7.
Bd3 Ngxe5 8. O-O Nxd3 9. Qxd3 d6 10. Ne4 Bf5 11. Qd5 Ne7 12. Qd3 Ng6 13. Nfd2 Ne5 14.
Qb3 Bb6 15. f3 Qh4 16. Ng3 Be6 17. Nde4 Bxc4 18. Qc3 Bxf1 19. Nxf1 d5 20. Neg3 d4 21.
exd4 Bxd4+ 22. Qxd4 Qxd4+ 23. Be3 Qxb2 24. Rc1 c6 25. Rd1 Rfd8 26. Nf5 Rxd1 27. Ne7+ Kh8 28. h3 Qe2 29. Bf2 Rxf1+ 30. Kh2 Qxf2 0

[Event "Open Nuevo Centro. Jornada 2"]
[Site "Chess.com"]
[Date "2020.06.26"]
[Round "4"]
[White "Denis Cazacu, Ioan"]
[Black "Yeste Campos, Manuel"]
[Result "1-0"]
[WhiteElo "1398"]
[BlackElo "921"]
[TimeControl "180+2"]
[EndTime "11:10:20 PDT"]
[Termination "Victoria de TFdenis25 por jaque mate"]

1. d4 d5 2. c4 c6 3. Nc3 Nf6 4. Nf3 e6 5. Bg5 Be7 6. e3 O-O 7. Bd3 h6 8. Bh4 c5 9. cxd5 exd5 10. Bc2 cxd4 11. Nxd4 Nc6 12. Nxc6 bxc6 13. Qd3 g6 14.
Bxf6 Bxf6 15. h4 Kg7 16. h5 Bf5 17. Qd2 Bxc2 18. Qxc2 gxh5 19. Rxh5 c5 20. O-O-O d4 21. Ne4 Qa5 22. Nxf6 Kxf6 23. Qf5+ Ke7 24. Qe5+ Kd8 25. Qf6+ Kc8 26. Qc6+ Kb8 27. Qd6+ Kb7 28. Rxc5 Qxa2 29.
Rc7+ Kb8 30. Rxf7+ Kc8 31. Rxf8+ Kb7 32. Qb4+ Kc7 33.
Rxa8 Qa1+ 34. Kc2 Qa6 35. Rxd4 Qc6+ 36. Rc4 Qxc4+ 37. Qxc4+ Kb6 38. Rb8+ Ka5 39. Qa2# 1

[Event "Open Nuevo Centro. Jornada 2"]
[Site "Chess.com"]
[Date "2020.06.26"]
[Round "4"]
[White "Donate Moreno, David"]
[Black "Martínez Albelda, Mariela"]
[Result "1-0"]
[WhiteElo "1520"]
[BlackElo "1005"]
[TimeControl "180+2"]
[EndTime "11:10:25 PDT"]
[Termination "Victoria de sylar48 por jaque mate"]

1. e4 e5 2. Nf3 Nc6 3. Bc4 Bc5 4. c3 Nf6 5. d4 exd4 6. O-O dxc3 7. e5 cxb2 8. Bxb2 Ng4 9. Bxf7+ Kxf7 10. Qd5+ Ke8 11. Qxc5 d6 12. exd6 cxd6 13. Re1+ Ne7 14. Qh5+ g6 15.
Qb5+ Qd7 16. Qxd7+ Bxd7 17. Bxh8 Kf7 18. Bd4 Nf5 19.
Ng5+ Kf8 20. Nxh7+ Kg8 21. Nf6+ Nxf6 22. Bxf6 Kf7 23. Bb2 Rc8 24. Nc3 Nd4 25. Rad1 Nf5 26.
g4 Nh6 27. Rxd6 Rc7 28. Nd5 Rc2 29. Re7+ Kf8 30. Rf6+ Kg8 31. Rxg6+ Kf8 32. Rxh6 Rxb2 33. Rh8# 1

[Event "Open Nuevo Centro. Jornada 2"]
[Site "Chess.com"]
[Date "2020.06.26"]
[Round "4"]
[White "Vega Gutiérrez, Sabrina"]
[Black "Cayon Pelaez, Pablo"]
[Result "1-0"]
[WhiteElo "2032"]
[BlackElo "1749"]
[TimeControl "180+2"]
[EndTime "11:10:36 PDT"]
[Termination "Victoria de Valeron87 por jaque mate"]

1. e4 e5 2. Nf3 Nc6 3. d4 exd4 4.
Nxd4 Qf6 5. Nf3 Bc5 6. Nc3 h6 7. Nd5 Qd8 8. Bf4 d6 9. Qd2 Nf6 10. Bd3 O-O 11. O-O-O Be6 12. Bxh6 gxh6 13. Qxh6 Ng4 14.
Qh5 Nxf2 15. Ng5 Re8 16. Qh7+ Kf8 17. Qh8# 1

[Event "Open Nuevo Centro. Jornada 2"]
[Site "Chess.com"]
[Date "2020.06.26"]
[Round "4"]
[White "Pallardo Lozoya, Jose Vicente"]
[Black "Rodriguez, Mathias"]
[Result "1-0"]
[WhiteElo "2364"]
[BlackElo "1984"]
[TimeControl "180+2"]
[EndTime "11:10:44 PDT"]
[Termination "Victoria de PallardoChess por tiempo"]

1. e4 e5 2. Nf3 Nc6 3. d4 exd4 4. Bc4 Nf6 5. e5 d5 6. Bb5 Nd7 7. O-O Bc5 8. Nbd2 O-O 9. Nb3 Bb6 10. a4 a6 11. Bxc6 bxc6 12. a5 Ba7 13. Nbxd4 Re8 14. Nxc6 1

[Event "Open Nuevo Centro. Jornada 2"]
[Site "Chess.com"]
[Date "2020.06.26"]
[Round "4"]
[White "Yatseta Fernandez, Marc Kazymyr"]
[Black "Hassomal Daswani, Birjkumar"]
[Result "0-1"]
[WhiteElo "1455"]
[BlackElo "1842"]
[TimeControl "180+2"]
[EndTime "11:11:02 PDT"]
[Termination "Victoria de daz000007 por abandono"]

1. d4 Nf6 2. c4 c5 3. g3 cxd4 4. Nf3 Nc6 5. Nxd4 Nxd4 6. Qxd4 g6 7. Bg2 Bg7 8. Be3 O-O 9. Qd2 d6 10. O-O Rb8 11. Nc3 b6 12. a4 Ng4 13. Bd4 e5 14. Be3 Nxe3 15. Qxe3 Be6 16. b3 f5 17. Rfd1 Qe7 18. Bd5 e4 19. Rac1 Bxc3 20. Qxc3 Rfc8 21. Qd4 a5 22. Bxe6+ Qxe6 23. Qxd6 Kf7 24. Qd7+ Qe7 25. Rc2 Rd8 26. Qxe7+ Kxe7 27. Rcd2 Rxd2 28. Rxd2 Rd8 29. Rxd8 Kxd8 30. Kf1 Kd7 31. Ke1 Kd6 32. Kd2 Ke5 33.
f3 g5 34. Ke3 f4+ 35. Kd2 fxg3 36. hxg3 h5 37. Ke3 exf3 38. exf3 h4 39. f4+ gxf4+ 40.
gxf4+ Kf5 41. Kf3 h3 42. Kg3 h2 43. Kxh2 Kxf4 44. Kg2 Ke3 45. Kf1 Kd3 46. Ke1 Kc3 47.
Kd1 Kxb3 48. Kc1 Kxc4 49. Kb2 Kb4 0

[Event "Open Nuevo Centro. Jornada 2"]
[Site "Chess.com"]
[Date "2020.06.26"]
[Round "4"]
[White "Garcia, Jhoel"]
[Black "Pardo Ruiz, Carlos"]
[Result "1-0"]
[WhiteElo "2290"]
[BlackElo "1833"]
[TimeControl "180+2"]
[EndTime "11:11:08 PDT"]
[Termination "Victoria de shoels por jaque mate"]

1. d4 c5 2. d5 Nf6 3. Nc3 d6 4. e4 e6 5. Bb5+ Bd7 6. a4 exd5 7. exd5 Bxb5 8. axb5 Be7 9. Nf3 O-O 10. O-O Re8 11. Nd2 Nbd7 12. Nc4 Nb6 13. Na5 Qc7 14. Bf4 Bf8 15.
Qf3 Re7 16. b3 Rae8 17. Nc4 Nxc4 18. bxc4 b6 19. Bg5 Re5 20. Bxf6 gxf6 21. Qxf6 Bg7 22. Qf3 Qe7 23. h3 Rg5 24. Rab1 Bxc3 25. Qxc3 Qe4 26.
g3 Qe5 27. Qd2 Rg7 28. Rbe1 Rxg3+ 29. fxg3 Qxg3+ 30. Qg2 Qxg2+ 31. Kxg2 Rxe1 32. Rxe1 Kf8 33. Ra1 f5 34. Rxa7 f4 35. Rxh7 f3+ 36. Kxf3 Kg8 37. Rd7 Kf8 38. Rxd6 Ke8 39. Rxb6 Ke7 40. Rc6 Kd7 41.
Ke4 Ke7 42. Ke5 Kd7 43. b6 Ke7 44. Rc7+ Kf8 45. Ke6 Kg8 46. Kf6 Kh8 47. Kg6 Kg8 48. Rc8# 1

[Event "Open Nuevo Centro. Jornada 2"]
[Site "Chess.com"]
[Date "2020.06.26"]
[Round "4"]
[White "Saiz Sapena, Veronica"]
[Black "Sanchis Bon, Sergi"]
[Result "1-0"]
[WhiteElo "1553"]
[BlackElo "1015"]
[TimeControl "180+2"]
[EndTime "11:11:21 PDT"]
[Termination "Victoria de Titina1 por tiempo"]

1. e4 e5 2. d4 d6 3. dxe5 dxe5 4. Qxd8+ Kxd8 5. Bc4 f6 6. Be3 c6 7.
Nd2 b5 8. Bb3 Ne7 9. O-O-O Ng6 10. Nc4+ Nd7 11. Na5 Kc7 12. g3 Ne7 13. Be6 Nc5 14.
Bxc8 Nxc8 15. f3 g5 16. a3 Nb6 17. b4 Nb7 18. Nxb7 Kxb7 19. Ne2 Nc4 20. Bf2 Nxa3 21. Rd7+ Ka6 22. c3 Bh6 23. Kb2 Nc4+ 24. Kb3 Nd2+ 25.
Rxd2 Rad8 26. Ra1+ Kb7 27. Rxa7+ Kb8 28. Rxd8+ 1

[Event "Open Nuevo Centro. Jornada 2"]
[Site "Chess.com"]
[Date "2020.06.26"]
[Round "4"]
[White "Roca Cruz, Rafael"]
[Black "Gutierrez Marco, Dario"]
[Result "0-1"]
[WhiteElo "1724"]
[BlackElo "1911"]
[TimeControl "180+2"]
[EndTime "11:11:24 PDT"]
[Termination "Victoria de rususs por abandono"]

1. d4 Nf6 2. c4 c5 3. d5 e6 4.
Nc3 exd5 5. cxd5 d6 6. e4 g6 7. Be2 Bg7 8. h3 O-O 9. Nf3 Nh5 10. O-O a6 11. a4 Nd7 12. g4 Nhf6 13. Bf4 Qc7 14.
Qd2 Re8 15. Bd3 c4 16. Bc2 h5 17. g5 Nh7 18. Rfe1 Ne5 19. Nxe5 Bxe5 20. Bxe5 Rxe5 21. h4 Bg4 22. Bd1 Bxd1 23. Raxd1 Rae8 24. Qd4 Nf8 25. Re2 Qd7 26. f4 Qg4+ 27. Rg2 Qxf4 28. Rf1 Qxh4 29. Rff2 Rxg5 0

[Event "Open Nuevo Centro. Jornada 2"]
[Site "Chess.com"]
[Date "2020.06.26"]
[Round "4"]
[White "Más Ripoll, Vicente"]
[Black "Gimenez Saiz, Jose Raul"]
[Result "0-1"]
[WhiteElo "1006"]
[BlackElo "1533"]
[TimeControl "180+2"]
[EndTime "11:11:40 PDT"]
[Termination "Victoria de rango013 por jaque mate"]

1. e4 d5 2. exd5 Nf6 3. c4 Bg4 4. Be2 Bxe2 5. Qxe2 c6 6. dxc6 Nxc6 7. Nf3 e6 8. b3 Nd4 9. Qd3 Bc5 10. b4 Nxf3+ 11. Qxf3 Bd4 12. Nc3 Qb6 13. Rb1 O-O 14. O-O Rac8 15.
d3 Bxc3 16. Bb2 Bxb2 17. Rxb2 Qd4 18. Re2 b6 19. a4 Rfd8 20. c5 bxc5 21. bxc5 Rxc5 22.
Rb2 h6 23. Rfb1 Rf5 24. Qc6 Rc5 25. Qb7 Qxd3 26. Qe7 Qd1+ 27. Rxd1 Rxd1# 0

[Event "Open Nuevo Centro. Jornada 2"]
[Site "Chess.com"]
[Date "2020.06.26"]
[Round "4"]
[White "Perrot, Fabien "]
[Black "Deusa Ballesteros, Lucas "]
[Result "0-1"]
[WhiteElo "1000"]
[BlackElo "1461"]
[TimeControl "180+2"]
[EndTime "11:11:41 PDT"]
[Termination "Victoria de facundillo2009 por jaque mate"]

1. d4 Nf6 2. c4 g6 3. Nc3 Bg7 4. Bg5 d6 5. e3 Kf8 6. Bd3 Kg8 7. h4 h6 8. Bxf6 Bxf6 9. h5 g5 10. f4 Nc6 11. fxg5 Bxg5 12. Kd2 Nb4 13. a3 Nxd3 14. Kxd3 c5 15. d5 a6 16. Ne4 Bf5 17. Nf3 Bxe4+ 18.
Kxe4 f6 19. Nxg5 hxg5 20. h6 Rh7 21. Qh5 Qe8 22. Qxe8+ Rxe8 23. Rh2 Kf7 24. Kf5 Reh8 25. Rah1 b5 26. cxb5 axb5 27. b3 Ra8 28. Ra1 c4 29. bxc4 bxc4 30. g3 c3 31. Rc2 Rxh6 32. g4 Ra4 33.
Rxc3 Rh3 34. Rg1 Rf3# 0

[Event "Open Nuevo Centro. Jornada 2"]
[Site "Chess.com"]
[Date "2020.06.26"]
[Round "4"]
[White "Valverde Alcaide, Miguel Alejandro"]
[Black "Albuixech Sanz, Jorge"]
[Result "0-1"]
[WhiteElo "870"]
[BlackElo "1376"]
[TimeControl "180+2"]
[EndTime "11:11:48 PDT"]
[Termination "Victoria de Gamyi2 por jaque mate"]

1. e4 c5 2. c4 b5 3. cxb5 a6 4. bxa6 Nxa6 5. Nf3 Bb7 6. d3 d5 7. exd5 Qxd5 8. Nc3 Qd6 9. g3 Nf6 10. Bf4 e5 11. Bxe5 Qe6 12. Qe2 Be7 13. Bf4 Qxe2+ 14. Nxe2 Bxf3 15. Rg1 O-O 16. Bh3 Nb4 17. Rc1 Nxd3+ 18.
Kd1 Nxf2+ 19. Ke1 Nxh3 20. Rf1 Bxe2 21. Kxe2 Nxf4+ 22. gxf4 Rfe8 23. Kf2 Nd5 24. Rg1 Nxf4 25. Rg5 Bxg5 26. Rg1 Nh3+ 27. Kg2 Nxg1 28. Kxg1 Rxa2 29. Kf2 Rxb2+ 30. Kf3 c4 31. Kg4 f6 32. Kf5 Re5+ 33.
Kg4 c3 34. Kh5 g6+ 35. Kg4 Rb4+ 36. Kf3 Re3+ 37. Kf2 Rb2+ 38. Kf1 Bh4 39. h3 Re1# 0

[Event "Open Nuevo Centro. Jornada 2"]
[Site "Chess.com"]
[Date "2020.06.26"]
[Round "4"]
[White "Méndez Giménez , Néstor Emmanuel"]
[Black "Camison Zornoza, Cesar"]
[Result "1-0"]
[WhiteElo "1120"]
[BlackElo "1715"]
[TimeControl "180+2"]
[EndTime "11:12:01 PDT"]
[Termination "Victoria de NestorMendez8 por jaque mate"]

1. e4 Nf6 2. Nc3 d5 3. Bd3 dxe4 4. Nxe4 Nxe4 5. Bxe4 c6 6. b3 Nd7 7. Bb2 Nf6 8. Bf3 Bf5 9. d3 e6 10. Ne2 Bb4+ 11. c3 Bd6 12. O-O O-O 13. c4 Ng4 14. Bxg4 Bxg4 15. Qd2 Qh4 16. g3 Qh3 17. Qg5 f6 18. Qe3 Rae8 19. c5 Bc7 20. Nf4 Bxf4 21. Qxf4 e5 22. Qc4+ Kh8 23. Qe4 f5 24. Qg2 Qh5 25.
f3 Bh3 26. Qf2 Bxf1 27. Rxf1 e4 28. fxe4 f4 29. gxf4 Re6 30. f5 Rg6+ 31. Kh1 Rh6 32. Rg1 Rg8 33. Qg3 Qf7 34. f6 g6 35. Qc7 Qxc7 36.
f7+ Rg7 37. f8=Q# 1

[Event "Open Nuevo Centro. Jornada 2"]
[Site "Chess.com"]
[Date "2020.06.26"]
[Round "4"]
[White "Valero Martinez, Óscar"]
[Black "Rabbani Perez, Ayoub "]
[Result "1-0"]
[WhiteElo "878"]
[BlackElo "221"]
[TimeControl "180+2"]
[EndTime "11:12:08 PDT"]
[Termination "Victoria de Oscar12000 por tiempo"]

1. e4 e5 2. Nf3 Nf6 3. Nc3 Nc6 4. Bc4 d6 5. Ng5 h6 6. Nxf7 Qd7 7. Nxh8 Nd4 8. Qh5+ Nxh5 9. Bf7+ Kd8 10. Bxh5 Nxc2+ 11. Kf1 Nxa1 12. Nf7+ Ke7 13. Nd5+ Ke8 14. Nxh6+ Kd8 15.
Nf7+ Ke8 16. Nxe5+ Qf7 17. Bxf7+ Kd8 18. Bg6 Bg4 19. Nf7+ Kc8 20. Nf6 d5 21. Nxg4 dxe4 22. Bf5+ Kb8 23. Bxe4 Bd6 24. Ne3 Bf4 25. Nd5 Bd6 26. b3 g6 27. h4 a5 28. Rh3 c6 29. Nb6 Ra7 30. Nxd6 Ra6 31. Nd7+ Ka7 32. d4 Rb6 33. d5 Rb5 34. Be3+ Rc5 35. Bxc5+ b6 36.
Bxb6+ Ka6 37. Nb8+ 1

[Event "Open Nuevo Centro. Jornada 2"]
[Site "Chess.com"]
[Date "2020.06.26"]
[Round "4"]
[White "Amorós Pérez, Manuel David"]
[Black "SIMARRO PEIRÓ, ANDRÉS"]
[Result "1-0"]
[WhiteElo "1643"]
[BlackElo "1079"]
[TimeControl "180+2"]
[EndTime "11:12:12 PDT"]
[Termination "Victoria de mpad1984 por jaque mate"]

1. e4 e5 2. Nf3 Nc6 3. Bc4 Bc5 4. c3 Nf6 5. d4 exd4 6. cxd4 Bb4+ 7. Bd2 Nxe4 8. Bxb4 Nxb4 9. Bxf7+ Kxf7 10. Qb3+ d5 11. Qxb4 Re8 12. O-O Kg8 13. Nc3 Nf6 14. Rfe1 Rxe1+ 15. Rxe1 a5 16. Qe7 Qxe7 17. Rxe7 Bg4 18. Ne5 Rc8 19.
Nxg4 Nxg4 20. Nxd5 c6 21. Nb6 Rb8 22. h3 Nh6 23. g4 Nf7 24. Nc4 Ng5 25. Kg2 b5 26. Nxa5 Ra8 27. b4 Rc8 28. f4 Nf7 29. Re6 Nd8 30.
Rd6 Kf7 31. Kf3 Ke7 32. Rxd8 Rxd8 33. Nxc6+ Ke8 34. Nxd8 Kxd8 35. Ke4 Kc7 36. Ke5 Kc6 37. d5+ Kd7 38. d6 Kd8 39. Ke6 Ke8 40. d7+ Kd8 41. Kf7 g6 42. Kg7 Kxd7 43. Kxh7 Ke6 44. Kxg6 Ke7 45. f5 Kf8 46. f6 Kg8 47. f7+ Kf8 48. h4 Ke7 49. Kg7 Ke6 50. f8=Q Kd7 51. Qf6 Kc7 52. Qe6 Kd8 53. Qf7 Kc8 54. Kf6 Kd8 55. g5 Kc8 56. g6 Kd8 57. g7 Kc8 58. g8=R# 1

[Event "Open Nuevo Centro. Jornada 2"]
[Site "Chess.com"]
[Date "2020.06.26"]
[Round "4"]
[White "Zamora Soler, Raul"]
[Black "Lopez Mateo, Juan Carlos"]
[Result "0-1"]
[WhiteElo "1766"]
[BlackElo "1995"]
[TimeControl "180+2"]
[EndTime "11:12:13 PDT"]
[Termination "Victoria de Tarantantinov por jaque mate"]

1. e4 c5 2. Nf3 e6 3. d4 cxd4 4.
Nxd4 a6 5. c4 Nf6 6. Nc3 Bb4 7.
f3 Qc7 8. Be3 O-O 9. Rc1 Nc6 10.
a3 Be7 11. Be2 b6 12. O-O Bb7 13. Qd2 Bd6 14. h3 Nh5 15. Rfd1 Bh2+ 16. Kf1 f5 17. Nxc6 Bxc6 18. exf5 Ng3+ 19. Ke1 Nxf5 20. Bf2 Bf4 21. Qd3 Bxc1 22. Rxc1 Qh2 23. Bf1 d5 24. cxd5 exd5 25. Kd1 Rac8 26. b4 d4 27. Ne4 Ba4+ 28. Kd2 Qf4+ 29.
Ke2 Qxc1 30. Bxd4 Rc2+ 31. Nd2 Rxd2+ 32. Qxd2 Bb5+ 33. Kf2 Qxf1# 0

[Event "Open Nuevo Centro. Jornada 2"]
[Site "Chess.com"]
[Date "2020.06.26"]
[Round "4"]
[White "Yuste Valenzuela, Alejandro"]
[Black "Montes Molina, Ivan"]
[Result "0-1"]
[WhiteElo "1845"]
[BlackElo "1285"]
[TimeControl "180+2"]
[EndTime "11:12:16 PDT"]
[Termination "Victoria de Ivanbarad por abandono"]

1. e4 e6 2. d4 d5 3. Nc3 Bb4 4. e5 c5 5. dxc5 Qa5 6. Bd2 Qxc5 7. Nf3 Nc6 8. Bd3 Bxc3 9. Bxc3 d4 10. Bd2 Nxe5 11. O-O Nxd3 12. cxd3 Ne7 13. Bf4 O-O 14.
Rc1 Qb6 15. b3 Bd7 16. Ne5 Rfd8 17. Nc4 Qa6 18. Bc7 Rf8 19. Nd6 Nd5 20. Ne4 Rac8 21. Bg3 Rxc1 22. Qxc1 Rc8 23. Qd2 Nc3 24. Nd6 Rc6 25.
Nc4 b5 26. Ne5 Rc7 27. Nf3 Rc8 28. Nxd4 b4 29. Nf3 h6 30. Ne5 Bb5 31. Qf4 Ne2+ 0

[Event "Open Nuevo Centro. Jornada 2"]
[Site "Chess.com"]
[Date "2020.06.26"]
[Round "4"]
[White "Gerona Maura, Jesus"]
[Black "Lloret Ramis, Juan José"]
[Result "0-1"]
[WhiteElo "1751"]
[BlackElo "1977"]
[TimeControl "180+2"]
[EndTime "11:12:31 PDT"]
[Termination "Victoria de Amiplim por jaque mate"]

1. d4 d5 2. c4 e6 3. Nf3 Nf6 4. g3 Be7 5. Bg2 O-O 6. O-O dxc4 7. Qc2 a6 8. a4 Bd7 9. Qxc4 Bc6 10. Bf4 a5 11. Nbd2 Na6 12. Rac1 Nb4 13. Ne5 Bxg2 14.
Kxg2 Nfd5 15. e3 g5 16. e4 gxf4 17. exd5 Qxd5+ 18. Qxd5 Nxd5 19. Ne4 Rfd8 20. Nc5 b6 21. Ncd3 fxg3 22. hxg3 f6 23. Nc6 Re8 24. Nxe7+ Rxe7 25. Rfe1 Rd8 26. Rc6 Kf7 27. f4 Nb4 28. Nxb4 axb4 29. Rc4 Red7 30. Kf3 b3 31. Rec1 c5 32. dxc5 bxc5 33.
Rxc5 Rd3+ 34. Kg4 f5+ 35. Kh4 Rg8 36. Rc7+ Kf6 37. Rxh7 Rd2 38. Rh6+ Kg7 39. Rxe6 Kf7 40. Rh6 Rh2# 0

[Event "Open Nuevo Centro. Jornada 2"]
[Site "Chess.com"]
[Date "2020.06.26"]
[Round "4"]
[White "Cinà Asensio, Luca "]
[Black "Ferrando Lacruz, Nicolás "]
[Result "1-0"]
[WhiteElo "635"]
[BlackElo "1084"]
[TimeControl "180+2"]
[EndTime "11:12:34 PDT"]
[Termination "Victoria de Titanes34 por jaque mate"]

1. e3 g6 2. Bc4 Bg7 3. Qf3 Nf6 4. Qd1 O-O 5. Nf3 d6 6. Ng5 e5 7. Nxf7 Re8 8. Nxd8+ Kh8 9. Nf7+ Kg8 10. Ng5+ d5 11. Bxd5+ Nxd5 12. O-O e4 13. c4 Nf6 14. f3 Bh6 15.
fxe4 Bxg5 16. d4 Nxe4 17. Qd3 Bf5 18. g3 Bh3 19. Re1 Bf5 20. h4 Nc5 21. Qa3 Bf6 22. dxc5 Nd7 23. c6 bxc6 24. c5 g5 25. Qb3+ Kh8 26. hxg5 Bxg5 27. Nd2 Rab8 28. Qc3+ Kg8 29. Qc4+ Kf8 30. Rf1 Bxe3+ 31. Kh1 Ne5 32. Rxf5+ Kg7 33. Qe4 Nc4 34. Qxc4 Re6 35. Qxe6 Bd4 36. Rf7+ Kg8 37. Ne4 Rf8 38. Ng5 Rxf7 39. Qxf7+ Kh8 40. Qxh7# 1

[Event "Open Nuevo Centro. Jornada 2"]
[Site "Chess.com"]
[Date "2020.06.26"]
[Round "4"]
[White "Borissov, Julián"]
[Black "Silva Rodriguez, Fernando"]
[Result "1-0"]
[WhiteElo "1857"]
[BlackElo "2472"]
[TimeControl "180+2"]
[EndTime "11:12:45 PDT"]
[Termination "Victoria de julianborisov por abandono"]

1. e4 d5 2. exd5 Nf6 3. d4 Bg4 4. f3 Bf5 5. c4 e6 6. dxe6 Nc6 7.
exf7+ Kxf7 8. Be3 Nb4 9. Na3 Bd6 10. Kf2 Re8 11. c5 Bf8 12. Qb3+ Nfd5 13. Bc4 Kf6 14.
Bd2 a5 15. g4 Be6 16. Re1 c6 17. h4 Kf7 18. Nh3 h6 19. g5 Qd7 20. Nf4 Nxf4 21.
Bxf4 Bd5 22. Bxd5+ Nxd5 23. Be5 hxg5 24. hxg5 Qf5 25. Nc4 Re6 26. Re4 Qxg5 27. Rg4 Qf5 28. Qxb7+ Re7 29. Qxa8 Qc2+ 30. Kg3 Qxc4 31. Qxc6 Ne3 32.
Qg6+ Kg8 33. Qh7+ Kf7 34. Rf4+ Ke8 35. Qg6+ Kd7 36. Qd6+ Kc8 37. Rxf8+ 1